TOP OF THE 1ST |
Salem-Keizer Volcanoes batting - Pitching for Batavia Muckdogs : RHP James Bitner
|
Pitching: RHP James Bitner
|
|
Batting: LHB Gil Caraveo
|
0-0: Ball 1-0: Foul Ball, location: 2F 1-1: Ball 2-1: TRIPLE (Flyball, 9LD, EV 98.8 MPH)
|
Batting: LHB Pat Aviles
|
0-0: Fly out, F5 (Popup, 5SF, EV 76.2 MPH)
|
Batting: LHB Ryan Anderson
|
0-0: Ball 1-0: Ball 2-0: Ball 3-0: Ground out U3 (Groundball, 3, EV 87.5 MPH)
|
Batting: RHB Jason Gregor
|
0-0: Swinging Strike 0-1: Ball 1-1: Ground out 4-3 (Groundball, 4, EV 84.4 MPH)
|
Top of the 1st over - 0 runs, 1 hit, 0 errors, 1 left on base; Salem-Keizer 0 - Batavia 0 |
BOTTOM OF THE 1ST |
Batavia Muckdogs batting - Pitching for Salem-Keizer Volcanoes : RHP Brian Yinger
|
Pitching: RHP Brian Yinger
|
|
Batting: RHB Calvin Morin
|
0-0: Called Strike 0-1: Ball 1-1: Foul Ball, location: 2F 1-2: Strikes out looking
|
Batting: RHB J.J. Barajas
|
0-0: Ball 1-0: Foul Ball, location: 2F 1-1: Ball 2-1: Ball 3-1: Foul Ball, location: 2F 3-2: Fly out, F6 (Popup, 6M, EV 64.4 MPH)
|
Batting: RHB Jim Fisher
|
0-0: Called Strike 0-1: Foul Ball, location: 2F 0-2: Foul Ball, location: 2F 0-2: Fly out, F9 (Flyball, 9S, EV 75.6 MPH)
|
Bottom of the 1st over - 0 runs, 0 hits, 0 errors, 0 left on base; Salem-Keizer 0 - Batavia 0 |
TOP OF THE 2ND |
Salem-Keizer Volcanoes batting - Pitching for Batavia Muckdogs : RHP James Bitner
|
Batting: RHB Sam Smith
|
0-0: Called Strike 0-1: Ball 1-1: Foul Ball, location: 2F 1-2: Strikes out looking
|
Batting: RHB Dinand Brouwer
|
0-0: Ball 1-0: Called Strike 1-1: Ball 2-1: Called Strike 2-2: Foul Ball, location: 2F 2-2: Foul Ball, location: 2F 2-2: Ball 3-2: Foul Ball, location: 2F 3-2: Strikes out looking
|
Batting: RHB Gabe Ochoa
|
0-0: Ball 1-0: Foul Ball, location: 2F 1-1: Swinging Strike 1-2: Strikes out swinging
|
Top of the 2nd over - 0 runs, 0 hits, 0 errors, 0 left on base; Salem-Keizer 0 - Batavia 0 |
BOTTOM OF THE 2ND |
Batavia Muckdogs batting - Pitching for Salem-Keizer Volcanoes : RHP Brian Yinger
|
Batting: RHB Len Graham
|
0-0: Ball 1-0: Ground out 6-3 (Groundball, 56, EV 101.2 MPH)
|
Batting: LHB Ryan Thompson
|
0-0: Ball 1-0: Ball 2-0: Called Strike 2-1: Swinging Strike 2-2: Ball 3-2: Foul Ball, location: 2F 3-2: Strikes out swinging
|
Batting: RHB Larry LeFever
|
0-0: Called Strike 0-1: Ball 1-1: Called Strike 1-2: Ground out 6-3 (Groundball, 6S, EV 76.2 MPH)
|
Bottom of the 2nd over - 0 runs, 0 hits, 0 errors, 0 left on base; Salem-Keizer 0 - Batavia 0 |
TOP OF THE 3RD |
Salem-Keizer Volcanoes batting - Pitching for Batavia Muckdogs : RHP James Bitner
|
Pitching: RHP Scott Feltham
|
|
Batting: RHB Willie Sanchez
|
0-0: Ball 1-0: Fly out, F3 (Line Drive, 3, EV 75.6 MPH)
|
Batting: RHB Ryan Johnston
|
0-0: Ball 1-0: Called Strike 1-1: Foul Ball, location: 2F 1-2: Ball 2-2: Foul Ball, location: 2F 2-2: Ball 3-2: Ground out 4-3 (Groundball, 34D, EV 80.0 MPH)
|
Batting: LHB Gil Caraveo
|
0-0: Swinging Strike 0-1: Ball 1-1: SOLO HOME RUN (Flyball, 9D, EV 108.1 MPH) (Inside the Park)
|
Batting: LHB Pat Aviles
|
0-0: Called Strike 0-1: Ball 1-1: Called Strike 1-2: SINGLE (Groundball, 34D, EV 104.4 MPH)
|
Batting: LHB Ryan Anderson
|
0-0: Called Strike Pat Aviles steals 2nd base 0-1: Ball 1-1: Ball 2-1: Swinging Strike 2-2: Ball 3-2: Foul Ball, location: 2F 3-2: Ground out 4-3 (Groundball, 4, EV 83.8 MPH)
|
Top of the 3rd over - 1 run, 2 hits, 0 errors, 1 left on base; Salem-Keizer 1 - Batavia 0 |
BOTTOM OF THE 3RD |
Batavia Muckdogs batting - Pitching for Salem-Keizer Volcanoes : RHP Brian Yinger
|
Batting: RHB Hiromitsu Yamada
|
0-0: Foul Ball, location: 2F 0-1: Fly out, F4 (Popup, 4M, EV 63.8 MPH)
|
Batting: LHB Emilio Montalvo
|
0-0: Swinging Strike 0-1: Ground out 4-3 (Groundball, 4, EV 85.6 MPH)
|
Batting: RHB Jose Trevino
|
0-0: Ball 1-0: Foul Ball, location: 2F 1-1: Ball 2-1: Fly out, F9 (Flyball, 9S, EV 91.9 MPH)
|
Bottom of the 3rd over - 0 runs, 0 hits, 0 errors, 0 left on base; Salem-Keizer 1 - Batavia 0 |
TOP OF THE 4TH |
Salem-Keizer Volcanoes batting - Pitching for Batavia Muckdogs : RHP Scott Feltham
|
Pitching: RHP Alex Garza
|
|
Batting: RHB Jason Gregor
|
0-0: Foul Ball, location: 2F 0-1: Ball 1-1: Swinging Strike 1-2: Foul Ball, location: 2F 1-2: Foul Ball, location: 2F 1-2: Foul Ball, location: 2F 1-2: Ball 2-2: Ball 3-2: Strikes out swinging
|
Batting: RHB Sam Smith
|
0-0: Ball 1-0: Fly out, F9 (Flyball, 9LM, EV 101.2 MPH)
|
Batting: RHB Dinand Brouwer
|
0-0: Called Strike 0-1: Ball 1-1: Ball 2-1: Called Strike 2-2: Foul Ball, location: 2F 2-2: Foul Ball, location: 2F 2-2: DOUBLE (Line Drive, 89XD, EV 98.8 MPH)
|
Pitching: RHP Ryan Babbitt
|
|
Batting: RHB Gabe Ochoa
|
0-0: Ball 1-0: Hit by Pitch
|
Batting: RHB Willie Sanchez
|
0-0: Called Strike 0-1: Foul Ball, location: 2F 0-2: Ground out 4-3 (Groundball, 4, EV 102.5 MPH)
|
Top of the 4th over - 0 runs, 1 hit, 0 errors, 2 left on base; Salem-Keizer 1 - Batavia 0 |
BOTTOM OF THE 4TH |
Batavia Muckdogs batting - Pitching for Salem-Keizer Volcanoes : RHP Brian Yinger
|
Batting: RHB Calvin Morin
|
0-0: Fly out, F3 (Popup, 3, EV 70.0 MPH)
|
Batting: RHB J.J. Barajas
|
0-0: Called Strike 0-1: Swinging Strike 0-2: Foul Ball, location: 2F 0-2: Ball 1-2: Ball 2-2: Ball 3-2: Ground out 5-3 (Groundball, 56S, EV 86.2 MPH)
|
Batting: RHB Jim Fisher
|
0-0: Foul Ball, location: 2F 0-1: Ball 1-1: SINGLE (Groundball, 4MD, EV 110.0 MPH)
|
Batting: RHB Len Graham
|
0-0: Called Strike 0-1: Ball 1-1: Ball 2-1: SINGLE (Groundball, P, EV 91.9 MPH) (infield hit) Jim Fisher to second
|
Batting: LHB Ryan Thompson
|
0-0: Ball 1-0: Called Strike 1-1: Foul Ball, location: 2F 1-2: Strikes out swinging
|
Bottom of the 4th over - 0 runs, 2 hits, 0 errors, 2 left on base; Salem-Keizer 1 - Batavia 0 |
TOP OF THE 5TH |
Salem-Keizer Volcanoes batting - Pitching for Batavia Muckdogs : RHP Ryan Babbitt
|
Batting: RHB Ryan Johnston
|
0-0: Ball 1-0: Foul Ball, location: 2F 1-1: Called Strike 1-2: Strikes out swinging
|
Batting: LHB Gil Caraveo
|
0-0: Called Strike 0-1: SINGLE (Line Drive, 8LM, EV 103.1 MPH)
|
Batting: LHB Pat Aviles
|
0-0: Called Strike Gil Caraveo steals 2nd base 0-1: Ball Gil Caraveo steals 3rd base 1-1: Ball 2-1: Ball 3-1: Foul Ball, location: 2F 3-2: Foul Ball, location: 2F 3-2: Foul Ball, location: 2F 3-2: Foul Ball, location: 2F 3-2: Base on Balls
|
Pitching: RHP Giampaolo Nobile
|
|
Batting: LHB Ryan Anderson
|
0-0: Called Strike Pat Aviles steals 2nd base (no throw) 0-1: Ball 1-1: Foul Ball, location: 2F 1-2: Fly out, F8 (Flyball, 89M, EV 96.2 MPH)
|
Batting: RHB Jason Gregor
|
0-0: Ball 1-0: SINGLE (Line Drive, 4D, EV 98.1 MPH) Gil Caraveo scores Pat Aviles to third
|
Batting: RHB Sam Smith
|
0-0: Fly out, F7 (Line Drive, 7, EV 97.5 MPH)
|
Top of the 5th over - 1 run, 2 hits, 0 errors, 2 left on base; Salem-Keizer 2 - Batavia 0 |
BOTTOM OF THE 5TH |
Batavia Muckdogs batting - Pitching for Salem-Keizer Volcanoes : RHP Brian Yinger
|
Batting: RHB Larry LeFever
|
0-0: Swinging Strike 0-1: Swinging Strike 0-2: Ball 1-2: Ball 2-2: Ball 3-2: Base on Balls
|
Batting: RHB Hiromitsu Yamada
|
0-0: Ball 1-0: Called Strike Larry LeFever steals 2nd base 1-1: Foul Ball, location: 2F 1-2: Fly out, F4 (Popup, 3DF, EV 51.9 MPH)
|
Batting: LHB Emilio Montalvo
|
0-0: Foul Ball, location: 2F 0-1: Ball 1-1: Swinging Strike 1-2: Strikes out swinging
|
Batting: RHB Jose Trevino
|
0-0: Called Strike 0-1: Ground out 1-3 (Groundball, 15S, EV 72.5 MPH)
|
Bottom of the 5th over - 0 runs, 0 hits, 0 errors, 1 left on base; Salem-Keizer 2 - Batavia 0 |
TOP OF THE 6TH |
Salem-Keizer Volcanoes batting - Pitching for Batavia Muckdogs : RHP Giampaolo Nobile
|
Batting: RHB Dinand Brouwer
|
0-0: Ball 1-0: Ball 2-0: Called Strike 2-1: Foul Ball, location: 2F 2-2: Foul Ball, location: 2F 2-2: Ground out 5-3 (Groundball, 5D, EV 96.9 MPH)
|
Batting: RHB Gabe Ochoa
|
0-0: Ball 1-0: Ball 2-0: Foul Ball, location: 2F 2-1: Fly out, F3 (Line Drive, 3, EV 65.0 MPH)
|
Batting: RHB Willie Sanchez
|
0-0: Called Strike 0-1: Ball 1-1: Ground out 5-3 (Groundball, 56S, EV 75.0 MPH)
|
Top of the 6th over - 0 runs, 0 hits, 0 errors, 0 left on base; Salem-Keizer 2 - Batavia 0 |
BOTTOM OF THE 6TH |
Batavia Muckdogs batting - Pitching for Salem-Keizer Volcanoes : RHP Brian Yinger
|
Batting: RHB Calvin Morin
|
0-0: Ground out 5-3 (Groundball, 56S, EV 80.6 MPH)
|
Batting: RHB J.J. Barajas
|
0-0: Foul Ball, location: 2F 0-1: Ball 1-1: Foul Ball, location: 2F 1-2: Foul Ball, location: 2F 1-2: Ball 2-2: Ball 3-2: Foul Ball, location: 2F 3-2: SINGLE (Flyball, 6MD, EV 90.0 MPH)
|
Pitching: RHP Art Crouch
|
|
Batting: RHB Jim Fisher
|
0-0: Ball 1-0: Swinging Strike 1-1: Called Strike 1-2: Strikes out looking
|
Batting: RHB Len Graham
|
0-0: Ball 1-0: Called Strike J.J. Barajas steals 2nd base 1-1: Ball Wild Pitch! J.J. Barajas to third 2-1: Swinging Strike 2-2: Foul Ball, location: 2F 2-2: Ground out 3-1 (Groundball, 34S, EV 78.1 MPH)
|
Bottom of the 6th over - 0 runs, 1 hit, 0 errors, 1 left on base; Salem-Keizer 2 - Batavia 0 |
TOP OF THE 7TH |
Salem-Keizer Volcanoes batting - Pitching for Batavia Muckdogs : RHP Giampaolo Nobile
|
Batting: RHB Ryan Johnston
|
0-0: Called Strike 0-1: Foul Ball, location: 2F 0-2: Ball 1-2: Foul Ball, location: 2F 1-2: Ball 2-2: Fly out, F9 (Line Drive, 9, EV 86.9 MPH)
|
Batting: LHB Gil Caraveo
|
0-0: Ball 1-0: Foul Ball, location: 2F 1-1: SINGLE (Groundball, 3S, EV 71.9 MPH) (infield hit)
|
Batting: LHB Pat Aviles
|
0-0: Called Strike 0-1: Grounds into double play, 4-6-3 (Groundball, 4, EV 77.5 MPH)
|
Top of the 7th over - 0 runs, 1 hit, 0 errors, 0 left on base; Salem-Keizer 2 - Batavia 0 |
BOTTOM OF THE 7TH |
Batavia Muckdogs batting - Pitching for Salem-Keizer Volcanoes : RHP Art Crouch
|
Pitching: RHP Takashi Kino
|
|
Batting: LHB Ryan Thompson
|
0-0: Foul Ball, location: 2F 0-1: Ball 1-1: Ball 2-1: Ball 3-1: Base on Balls
|
Batting: RHB Larry LeFever
|
|
Pinch Hitting: LHB Carlos Mosqueda
|
0-0: Bunted foul 0-1: Ball 1-1: Bunted foul 1-2: SINGLE (Line Drive, 8RS, EV 111.2 MPH) Ryan Thompson to second
|
Batting: RHB Hiromitsu Yamada
|
0-0: Swinging Strike 0-1: Grounds into double play, 4-6-3 (Groundball, 4, EV 75.6 MPH) Ryan Thompson to third
|
Batting: LHB Emilio Montalvo
|
0-0: Ball 1-0: Ball 2-0: SINGLE (Groundball, 3D, EV 106.2 MPH) Ryan Thompson scores
|
Pinch Hitting: LHB Andrew van Dongen
|
0-0: Ball 1-0: Ground out U3 (Groundball, 3L, EV 88.1 MPH)
|
Bottom of the 7th over - 1 run, 2 hits, 0 errors, 1 left on base; Salem-Keizer 2 - Batavia 1 |
TOP OF THE 8TH |
Salem-Keizer Volcanoes batting - Pitching for Batavia Muckdogs : RHP Giampaolo Nobile
|
Now at 1B: Carlos Mosqueda
|
|
Now at 2B: Len Graham
|
|
Now at 3B: Joe Lightell
|
|
Now at SS: J.J. Barajas
|
|
Batting: LHB Ryan Anderson
|
0-0: Called Strike 0-1: Ball 1-1: SOLO HOME RUN (Flyball, 9D, EV 100.6 MPH), Distance : 372 ft
|
Batting: RHB Jason Gregor
|
0-0: SINGLE (Flyball, 78S, EV 94.4 MPH)
|
Batting: RHB Sam Smith
|
0-0: Ball Wild Pitch! Jason Gregor to second 1-0: Called Strike 1-1: Swinging Strike 1-2: Foul Ball, location: 2F 1-2: Strikes out swinging
|
Batting: RHB Dinand Brouwer
|
0-0: Ground out 6-3 (Groundball, 6, EV 82.5 MPH)
|
Batting: RHB Gabe Ochoa
|
0-0: DOUBLE (Flyball, 8RD, EV 86.9 MPH) Jason Gregor scores
|
Batting: RHB Willie Sanchez
|
0-0: Called Strike 0-1: SINGLE (Line Drive, 7S, EV 106.2 MPH) Gabe Ochoa to third Runner from 3rd tries for Home, SAFE, throw by LF to home
|
Batting: RHB Ryan Johnston
|
0-0: Ball 1-0: SINGLE (Groundball, 4MS, EV 63.8 MPH) (infield hit) Willie Sanchez to second
|
Batting: LHB Gil Caraveo
|
0-0: Foul Ball, location: 2F 0-1: Foul Ball, location: 2F 0-2: Ball 1-2: SINGLE (Groundball, 4D, EV 98.8 MPH) Willie Sanchez to third Ryan Johnston to second Runner from 3rd tries for Home, SAFE, throw by CF to home
|
Batting: LHB Pat Aviles
|
0-0: Ball 1-0: Ball 2-0: Called Strike 2-1: Ball Wild Pitch! Ryan Johnston to third Gil Caraveo to second 3-1: Called Strike 3-2: Base on Balls
|
Batting: LHB Ryan Anderson
|
0-0: Foul Ball, location: 2F 0-1: Ball 1-1: Ball 2-1: Ball 3-1: Called Strike 3-2: GRAND SLAM HOME RUN (Flyball, 9D, EV 97.5 MPH), Distance : 374 ft
|
Pitching: RHP Mike Sonn
|
|
Batting: RHB Jason Gregor
|
0-0: Called Strike 0-1: Fly out, F8 (Flyball, 8RD, EV 85.6 MPH)
|
Top of the 8th over - 8 runs, 7 hits, 0 errors, 0 left on base; Salem-Keizer 10 - Batavia 1 |
BOTTOM OF THE 8TH |
Batavia Muckdogs batting - Pitching for Salem-Keizer Volcanoes : RHP Takashi Kino
|
Batting: RHB Calvin Morin
|
0-0: Ball 1-0: Swinging Strike 1-1: Ball 2-1: Fly out, F8 (Flyball, 89D, EV 101.2 MPH)
|
Batting: RHB J.J. Barajas
|
0-0: Ball 1-0: Ball 2-0: Ball 3-0: Base on Balls
|
Batting: RHB Jim Fisher
|
0-0: Ball 1-0: Ball 2-0: Fly out, F8 (Flyball, 8RD, EV 99.4 MPH)
|
Batting: RHB Len Graham
|
0-0: Ball 1-0: Ball 2-0: Ball Wild Pitch! J.J. Barajas to second 3-0: Base on Balls
|
Batting: LHB Ryan Thompson
|
0-0: Called Strike 0-1: Ball 1-1: Swinging Strike 1-2: Strikes out swinging
|
Bottom of the 8th over - 0 runs, 0 hits, 0 errors, 2 left on base; Salem-Keizer 10 - Batavia 1 |
TOP OF THE 9TH |
Salem-Keizer Volcanoes batting - Pitching for Batavia Muckdogs : RHP Mike Sonn
|
Batting: RHB Sam Smith
|
0-0: Ground out U3 (Groundball, 34S, EV 67.5 MPH)
|
Batting: RHB Dinand Brouwer
|
0-0: Ball 1-0: Swinging Strike 1-1: Ball 2-1: Ball 3-1: Fly out, F7 (Flyball, 7, EV 94.4 MPH)
|
Batting: RHB Gabe Ochoa
|
0-0: Ball 1-0: Ball 2-0: Ball 3-0: Base on Balls
|
Batting: RHB Willie Sanchez
|
Balk! Gabe Ochoa to second 0-0: Called Strike 0-1: Called Strike 0-2: SINGLE (Line Drive, 9S, EV 106.2 MPH) Gabe Ochoa to third Runner from 3rd tries for Home, SAFE, throw by RF to home
|
Batting: RHB Ryan Johnston
|
0-0: Called Strike 0-1: Swinging Strike 0-2: Fly out, F9 (Flyball, 89M, EV 93.8 MPH)
|
Top of the 9th over - 1 run, 1 hit, 0 errors, 1 left on base; Salem-Keizer 11 - Batavia 1 |
BOTTOM OF THE 9TH |
Batavia Muckdogs batting - Pitching for Salem-Keizer Volcanoes : RHP Takashi Kino
|
Pitching: RHP Corey Cauley
|
|
Pinch Hitting: RHB Jayson Johnson
|
0-0: Called Strike 0-1: Called Strike 0-2: Ball 1-2: Foul Ball, location: 2F 1-2: Strikes out swinging
|
Batting: RHB Hiromitsu Yamada
|
0-0: Fly out, F6 (Line Drive, 6, EV 67.5 MPH)
|
Batting: LHB Emilio Montalvo
|
0-0: Called Strike 0-1: Ball 1-1: Ball 2-1: Foul Ball, location: 2F 2-2: Foul Ball, location: 2F 2-2: Ball 3-2: Base on Balls
|
Batting: SHB Joe Lightell
|
0-0: Foul Ball, location: 2F 0-1: Called Strike 0-2: Strikes out swinging
|
Bottom of the 9th over - 0 runs, 0 hits, 0 errors, 1 left on base; Salem-Keizer 11 - Batavia 1 |
|